 Dungeon Crawl Stone Soup version 0.29.1-2-gbd0b4ee654 (webtiles) character file.

Game seed: 6918619097685410719

36 sanboga the Trooper (level 3, 0/29 HPs)
             Began as a Demonspawn Berserker on Nov 30, 2022.
             Was a Follower of Trog.
             Slain by a bat (1 damage)
             ... on level 2 of the Dungeon.
             The game lasted 00:01:56 (1168 turns).

sanboga the Trooper (Demonspawn Berserker)          Turns: 1168, Time: 00:01:56

Health: 0/29       AC:  7    Str: 19    XL:     3   Next: 19%
Magic:  3/3        EV: 10    Int:  8    God:    Trog [*.....]
Gold:   63         SH:  0    Dex: 12    Spells: 2/2 levels left

rFire   . . .      SeeInvis .   d - +0 short sword
rCold   . . .      Faith    .   (no shield)
rNeg    . . .      Spirit   .   l - +0 scale mail
rPois   .          Reflect  .   (no helmet)
rElec   .          Harm     .   (no cloak)
rCorr   .          Rampage  .   (no gloves)
Will    .....                   e - +0 pair of boots
Stlth   ..........              (no amulet)
HPRegen 0.09/turn               (no ring)
MPRegen 0.08/turn               (no ring)

@: no status effects
A: hooves 1
a: Renounce Religion, Berserk


You were on level 2 of the Dungeon.
You worshipped Trog.
Trog was aware of your devotion.
You visited 1 branch of the dungeon, and saw 2 of its levels.

You collected 63 gold pieces.

Inventory:

Hand Weapons
 d - a +0 short sword (weapon)
Armour
 e - a +0 pair of boots (worn)
 l - a +0 scale mail (worn)
Jewellery
 a - an amulet of magic regeneration
Scrolls
 f - a scroll of magic mapping {unknown}
 g - 3 scrolls of identify {unknown}
 i - a scroll of fear {unknown}
 k - a scroll of enchant armour {unknown}
Potions
 b - a potion of cancellation {unknown}
 c - a potion of mutation {unknown}
 h - a potion of degeneration {unknown}
 j - a potion of berserk rage {unknown}


   Skills:
 + Level 3.2 Fighting
 + Level 2.1 Armour
 + Level 2.1 Dodging
 * Level 3.2 Unarmed Combat


You had 2 spell levels left.
You didn't know any spells.
Your spell library was empty.

Dungeon Overview and Level Annotations

Branches:
Dungeon (2/15)

Altars:


Innate Abilities, Weirdness & Mutations

You have large cloven feet.


Message History

The endoplasm freezes you.
You are frozen.
You hit the endoplasm.
The endoplasm is lightly wounded.
The bat barely misses you. x2; The endoplasm misses you.
You hit the endoplasm.
The endoplasm is heavily wounded.
The bat barely misses you. The endoplasm barely misses you.
You hit the endoplasm but do no damage.
The endoplasm is heavily wounded.
The bat barely misses you. The endoplasm freezes you.
You are frozen.
* * * LOW HITPOINT WARNING * * *
You hit the endoplasm.
The endoplasm is heavily wounded.
The bat misses you. The endoplasm freezes you.
You are frozen.
* * * LOW HITPOINT WARNING * * *
The bat hits you but does no damage.
You hit the endoplasm but do no damage.
The endoplasm is heavily wounded.
The bat hits you but does no damage. The bat barely misses you.
The endoplasm hits you.
* * * LOW HITPOINT WARNING * * *
You hit the endoplasm. You punch the endoplasm.
You kill the endoplasm!
Trog accepts your kill. The bat hits you but does no damage. The bat hits you.
* * * LOW HITPOINT WARNING * * *
You closely miss the bat. Your punch misses the bat.
The bat hits you but does no damage. The bat hits you.
* * * LOW HITPOINT WARNING * * *
You barely miss the bat. The bat hits you but does no damage.
Found 6 javelins.
The bat closely misses you.
You hit the bat but do no damage. The bat closely misses you.
You completely miss the bat. The bat hits you.
You die...

# # #. #.. #..
##<( #..# #..
#.#...###.# .#
#......#@###.###
# #b........ #.
#......###
###..##.###..#
......†.# #..#
###..##.###..#
#. #......# #
#####..#
..######..#


You could see a bat.

Vanquished Creatures
  An adder (D:2)
  2 dart slugs
  A ball python (D:1)
  3 endoplasms
  A goblin (D:1)
  4 hobgoblins
  4 kobolds (D:1)
  A quokka (D:1)
  A bat (D:1)
  3 frilled lizards
  2 rats
23 creatures vanquished.

Notes
Turn   | Place    | Note
-------+----------+-------------------------------------------
     0 | D:1      | sanboga the Demonspawn Berserker began the quest for the
                  | Orb.
     0 | D:1      | Reached XP level 1. HP: 18/18 MP: 1/1
   384 | D:1      | Discovered your monstrous ancestry.
   384 | D:1      | Gained mutation: You have large cloven feet. [demonic
                  | ancestry]
   384 | D:1      | Reached XP level 2. HP: 17/24 MP: 2/2
  1146 | D:2      | Reached XP level 3. HP: 15/29 MP: 3/3
  1164 | D:2      | HP: 1/29 [bat (1)]
  1168 | D:2      | Slain by a bat

Illustrated notes

Levels and vault maps discovered:
D:1:      erik_arrival_orb_chamber, layout_rooms, minmay_misc_feat_room,
          chequers_serial_rivers_micro_b
D:2:      layout_loops_ring, bh_walls_and_bars

Skill      XL: |  1  2 |
---------------+-------+-----
Dodging        | 2 |  2.1
Armour         | 2 |  2.1
Unarmed Combat | 3 |  3.2
Fighting       | |  3.2

Action                   || total
-------------------------++-------
Melee: Short sword       ||   108
       Unarmed           ||     7
       Punch             ||     1
 Stab: Sleeping          ||     1
Armor: Animal skin       ||    13
       Scale mail        ||    29
Dodge: Dodged            ||    75
